 Dungeon Crawl Stone Soup version 0.18-a0-1677-g2bdad6c (webtiles) character file.

7994 HandofTrog the Grappler (level 11, -5/109 HPs)
             Began as a Troll Gladiator on Apr 2, 2016.
             Was the Champion of Cheibriados.
             Slain by a seven-headed hydra (6 damage)
             ... on level 10 of the Dungeon.
             The game lasted 01:32:09 (8440 turns).

HandofTrog the Grappler (Troll Gladiator)           Turns: 8440, Time: 01:32:09

Health: -5/109     AC:  6    Str: 41    XL:     11   Next: 4%
Magic:  23/23      EV: 15    Int: 22    God:    Cheibriados [******]
Gold:   569        SH:  0    Dex: 26    Spells: 0 memorised, 10 levels left

rFire  + . .     SeeInvis .       - Unarmed
rCold  . . .     Gourm    +     a - +0 robe
rNeg   . . .     Faith    .     (no shield)
rPois  .         Spirit   .     b - +0 hat
rElec  .         Dismiss  .     x - +0 cloak {+Inv}
rCorr  .         Reflect  .     (gloves unavailable)
SustAt .         Harm     .     (boots unavailable)
MR     .....                    i - amulet of magic regeneration
Stlth  ++........               q - ring of magical power
                                y - ring of protection from fire

@: very slow, not resistant to hostile enchantments, unstealthy
A: unfitting armour, claws 3, clever 1, fast metabolism 3, gourmand,
regeneration 2, shaggy fur 1, tough skin 2
a: Bend Time, Temporal Distortion, Slouch, Step From Time, Renounce Religion,
Evoke Invisibility


You were on level 10 of the Dungeon.
You worshipped Cheibriados.
Cheibriados was exalted by your worship.
You were full.

You visited 2 branches of the dungeon, and saw 12 of its levels.

You collected 569 gold pieces.

Inventory:

Hand Weapons
 M - a +0 triple sword
Missiles
 N - a throwing net (quivered)
Armour
 a - a +0 robe (worn)
 b - a +0 hat (worn)
 u - a +0 cloak
 x - a +0 cloak of invisibility (worn)
Magical Staves
 e - an uncursed staff of summoning
Jewellery
 i - an amulet of magic regeneration (around neck)
 q - a ring of magical power (right claw)
 y - a ring of protection from fire (left claw)
 F - a cursed ring of teleportation {unknown}
 Q - a +5 ring of strength {unknown}
Wands
 c - a wand of acid (7/15)
 k - a wand of enslavement (5/24)
 B - a wand of iceblast (13/15)
 E - a wand of enslavement (3/24)
 G - a wand of lightning (8/15)
 L - a wand of random effects (9/48)
 P - a wand of digging (15/24)
Scrolls
 g - a scroll of fog {unknown}
 m - 3 scrolls of magic mapping {unknown}
 s - 3 scrolls of remove curse {unknown}
 v - 5 scrolls of teleportation {unknown}
 w - a scroll of enchant armour {unknown}
 D - 3 scrolls of identify
 J - a scroll of amnesia {unknown}
 K - a scroll of enchant weapon {unknown}
 O - a scroll of random uselessness {unknown}
 S - a scroll of holy word {unknown}
Potions
 n - a potion of flight
 o - a potion of haste
 p - 5 potions of curing
 t - a potion of degeneration
 z - a potion of cure mutation
 H - a potion of agility
Books
 C - a book of the Earth

   Spells                             Type                      Level
   a - Leda's Liquefaction            Hexes/Earth                  4
   b - Bolt of Magma                  Conjuration/Fire/Earth       5
   c - Statue Form                    Transmutation/Earth          6
   d - Iron Shot                      Conjuration/Earth            6
   e - Shatter                        Earth                        9
Miscellaneous
 R - a plain deck of wonders
Comestibles
 d - 6 bread rations
 h - 4 meat rations
 j - 2 beef jerkies
 r - 19 fruits


   Skills:
 + Level 7.4 Fighting
 - Level 1.7 Throwing
 - Level 5.5 Dodging
 + Level 10.1 Unarmed Combat
 - Level 3.0 Invocations
 * Level 6.6 Evocations


You had 10 spell levels left.
You didn't know any spells.

Dungeon Overview and Level Annotations

Branches:
Dungeon (11/15)            Temple (1/1) D:4            Lair (0/8) D:9
    Orc (0/2) D:10

Altars:
Ashenzari
Cheibriados
Dithmenos
Elyvilon
Fedhas
Gozag
Kikubaaqudgha
Makhleb
Nemelex Xobeh
Okawaru
Pakellas
Qazlal
Ru
Sif Muna
Trog
Vehumet
Xom
Yredelemnul
Zin
The Shining One


Innate Abilities, Weirdness & Mutations

You are too large for most types of armour.
You have claws for hands.
Your metabolism is lightning-fast.
You like to eat raw meat.
You heal very quickly.
You are covered in fur (AC +1).
You have very tough skin (AC +2).
Your mind is acute. (Int +2)


Message History

The big kobold looks frightened!
The yak gores you but does no damage. The yak barely misses you.
You claw the yak! You claw the yak!!
You kill the yak!
Cheibriados appreciates the change of pace.
The big kobold closely misses you.
You mangle the big kobold!!
The big kobold is severely wounded.
The big kobold completely misses you.
A wyvern comes into view.
The seven-headed hydra bites you but does no damage.
The seven-headed hydra bites you.
* * * LOW HITPOINT WARNING * * *
The seven-headed hydra bites you!
* * * LOW HITPOINT WARNING * * *
The seven-headed hydra bites you!
* * * LOW HITPOINT WARNING * * *
The seven-headed hydra bites you.
You die...

.# #.####.####..# #.# .#
#((.(..).....####### #.#
.#
#.####.##.....##...#####.#
.#####.#
#.##................#
.......#
#.####..###...#######
######## #.# #..# #####
#.####l.# #.......#
######@## ######D##
#.†K.K..# #.####..# #.#
#..# ########.####..#
##.K.Y..........###
#.)######.#.......## #D##
#.#........###


You could see a seven-headed hydra, a wyvern and a big kobold.

Vanquished Creatures
  A hill giant (D:10)
  A centaur skeleton (D:10)
  A two-headed ogre (D:10)
  Prince Ribbit (D:5)
  Sigmund (D:2)
  A yak (D:10)
  A hungry ghost (D:10)
  2 hippogriffs (D:9)
  The ghost of 4thArraOfDagon the Slasher, an amateur DgWn (D:5)
  2 water moccasins
  6 sky beasts
  4 orc warriors
  4 ice beasts
  A necrophage (D:7)
  3 phantoms
  9 ogres
  7 centaurs
  A crocodile (D:9)
  2 big kobolds (D:10)
  6 giant frogs
  5 scorpions
  6 killer bees (D:10)
  3 wights (D:9)
  2 howler monkeys
  5 crimson imps
  2 giant frog zombies
  6 hounds
  3 jellies
  17 orc wizards
  4 orc priests
  3 iguanas
  Terence (D:2)
  Natasha (thrice) (D:3)
  4 worker ants
  A hound skeleton (D:5)
  4 worker ant zombies
  6 adders
  2 river rats (D:9)
  2 shadow imps (D:9)
  2 adder zombies
  2 adder skeletons
  A worm (D:2)
  A dart slug (D:4)
  5 giant geckos
  24 orcs
  4 giant cockroaches
  8 goblins
  7 hobgoblins
  2 quokkas
  16 bats
  A giant gecko skeleton (D:8)
  6 giant newts
  10 kobolds
  16 rats
239 creatures vanquished.

Vanquished Creatures (others)
  A fungus (D:9)
1 creature vanquished.

Grand Total: 240 creatures vanquished

Notes
Turn   | Place    | Note
--------------------------------------------------------------
     0 | D:1      | HandofTrog the Troll Gladiator began the quest for the Orb.
     0 | D:1      | Reached XP level 1. HP: 19/19 MP: 0/0
   685 | D:2      | Noticed Terence
   687 | D:2      | Noticed Sigmund
   689 | D:2      | Reached XP level 2. HP: 27/28 MP: 1/1
   707 | D:2      | Killed Terence
   707 | D:2      | Reached XP level 3. HP: 22/37 MP: 2/2
   718 | D:2      | Killed Sigmund
   718 | D:2      | Reached XP level 4. HP: 18/49 MP: 3/3
   718 | D:2      | Reached XP level 5. HP: 21/55 MP: 4/4
  1487 | D:2      | Found a faded altar to an unknown god.
  1693 | D:3      | Reached skill level 5 in Fighting
  1742 | D:3      | Noticed Natasha
  1754 | D:3      | Killed Natasha
  1919 | D:3      | Noticed Natasha
  1947 | D:3      | Killed Natasha
  1947 | D:3      | Reached XP level 6. HP: 43/66 MP: 5/5
  1957 | D:3      | Noticed Natasha
  1966 | D:3      | Killed Natasha
  2366 | D:4      | Found a staircase to the Ecumenical Temple.
  2375 | Temple   | Entered the Ecumenical Temple
  2471 | Temple   | Became a worshipper of Cheibriados the Contemplative
  2756 | D:5      | Entered Level 5 of the Dungeon
  2763 | D:5      | Noticed 4thArraOfDagon's ghost (amateur DgWn)
  2778 | D:5      | Killed 4thArraOfDagon's ghost
  2778 | D:5      | Reached XP level 7. HP: 25/76 MP: 6/6
  3130 | D:5      | Noticed Prince Ribbit
  3153 | D:5      | Killed Prince Ribbit
  3153 | D:5      | Reached skill level 4 in Unarmed Combat
  3153 | D:5      | Reached skill level 1 in Invocations
  3153 | D:5      | Reached skill level 1 in Evocations
  3427 | D:5      | Gained mutation: Your mind is acute. (Int +2) [potion of beneficial mutation]
  3683 | D:5      | Reached XP level 8. HP: 80/84 MP: 8/8
  3816 | D:5      | Reached * piety under Cheibriados
  3844 | D:5      | Reached skill level 5 in Unarmed Combat
  4283 | D:6      | Reached skill level 6 in Unarmed Combat
  4554 | D:6      | Reached ** piety under Cheibriados
  4580 | D:6      | Found a bloodstained altar of Trog.
  4585 | D:6      | Reached XP level 9. HP: 92/92 MP: 10/10
  5162 | D:7      | Reached skill level 7 in Unarmed Combat
  5710 | D:8      | Found a stormy altar of Qazlal.
  5711 | D:8      | Found a bloodstained altar of Trog.
  5770 | D:8      | Reached *** piety under Cheibriados
  5778 | D:8      | Reached skill level 8 in Unarmed Combat
  5847 | D:8      | Reached skill level 5 in Dodging
  6154 | D:9      | Reached **** piety under Cheibriados
  6215 | D:9      | Found a staircase to the Lair.
  6228 | D:9      | Reached XP level 10. HP: 59/100 MP: 12/12
  6302 | D:9      | Reached skill level 9 in Unarmed Combat
  6487 | D:9      | Reached ***** piety under Cheibriados
  6856 | D:9      | Reached skill level 5 in Evocations
  7032 | D:10     | Entered Level 10 of the Dungeon
  7421 | D:10     | Found a staircase to the Orcish Mines.
  7436 | D:10     | Noticed a hill giant
  7448 | D:10     | Killed a hill giant
  7864 | D:10     | Found an iron altar of Okawaru.
  7955 | D:10     | Reached skill level 10 in Unarmed Combat
  8303 | D:10     | Reached XP level 11. HP: 103/109 MP: 14/14
  8391 | D:10     | Reached ****** piety under Cheibriados
  8406 | D:10     | Noticed a two-headed hydra
  8440 | D:10     | HP: 1/109 [seven-headed hydra (11)]
  8440 | D:10     | Slain by a seven-headed hydra

Vault maps used:
D:1:      tarquinn_simple_flora_water_e
D:2:      ecumenical_altar_1, st_stairs_9, uniq_terence, uniq_sigmund
D:3:      first_bread, uniq_natasha
D:4:      minmay_temple_entry_poolview, dk_vineyard_1
D:5:      uniq_prince_ribbit1
D:6:      basic_altar
D:8:      gammafunk_temple_overflow_pools
D:9:      minmay_flawed_box, grunt_lair_entry_orc_guard_hut
D:10:     erik_orc_3, serial_shops, shop, hangedman_ranch, okawaru_humans
D:11:     grunt_ministairs_6
Temple:   kilobyte_greek_temple_18

Skill      XL: |  1  2  3  4  5  6  7  8  9 10 |
---------------+-------------------------------+-----
Fighting       | 2 3 4 5 6 7 |  7.4
Unarmed Combat | 4 6 8 10 | 10.1
Invocations    | 1 3 |  3.0
Evocations     | 1 2 4 6 |  6.6
Dodging        | 3 4 5 |  5.5
Throwing       | |  1.7

Action                   |  1- 3 |  4- 6 |  7- 9 | 10-12 || total
-------------------------+-------+-------+-------+-------++-------
Melee: Unarmed           |    50 |   125 |   332 |   218 ||   725
       Triple sword      |       |       |       |     4 ||     4
Throw: Throwing net      |     2 |     7 |     4 |     4 ||    17
Invok: Bend Time         |       |       |       |     1 ||     1
 Abil: Evoke Invisibilit |       |       |       |     1 ||     1
Evoke: Wand              |       |       |       |     1 ||     1
  Use: Scroll            |       |     1 |     6 |     4 ||    11
       Potion            |       |       |     4 |     4 ||     8
 Stab: Distracted        |       |       |     1 |     2 ||     3
       Held in net/web   |       |       |       |     1 ||     1
  Eat: Chunk             |     4 |    21 |    23 |    13 ||    61
       Bread ration      |       |       |     1 |     2 ||     3
